 Dungeon Crawl Stone Soup version 0.25-a0-426-g7d9e569eea (webtiles) character file.

Game seed: 1537039699027345710, levelgen mode: deterministic

9053 shadowtheveil the Spear-Bearer (level 11, 0/95 HPs)
             Began as a Minotaur Fighter on Jan 24, 2020.
             Was a Priest of Elyvilon.
             Slain by a hellwing (1 damage)
             ... summoned by an orc sorcerer
             ... on level 2 of the Orcish Mines.
             The game lasted 01:03:40 (8310 turns).

shadowtheveil the Spear-Bearer (Minotaur Fighter)   Turns: 8310, Time: 01:03:41

Health: 0/95       AC: 17    Str: 31    XL:     11   Next: 18%
Magic:  19/19      EV:  8    Int:  7    God:    Elyvilon [***...]
Gold:   231        SH: 14    Dex: 10    Spells: 10/10 levels left

rFire    . . .     SeeInvis +   z - +5 spear "Vezoidd" {vorpal, Str+7 Int+2 Stlth-}
rCold    . . .     Gourm    .   c - +1 shield
rNeg     . . .     Faith    .   e - +1 plate armour {MR+}
rPois    .         Spirit   .   (helmet restricted)
rElec    .         Reflect  .   (no cloak)
rCorr    .         Harm     .   y - +0 pair of gloves
MR       +....                  (no boots)
Stlth    ..........             H - amulet of rage
HPRegen  0.25/turn              v - ring of magical power
MPRegen  0.16/turn              D - ring of see invisible

@: no status effects
A: retaliatory headbutt, horns 2
a: Lesser Healing, Heal Other, Purification, Divine Protection, Renounce
Religion, Evoke Berserk Rage


You were on level 2 of the Orcish Mines.
You worshipped Elyvilon.
Elyvilon was most pleased with you.
You were not hungry.

You visited 2 branches of the dungeon, and saw 12 of its levels.

You collected 803 gold pieces.
You spent 572 gold pieces at shops.

Inventory:

Hand Weapons
 a - a +3 trident
 b - a +0 spear
 p - a +1 short sword of protection
 t - a +0 giant spiked club
 z - the +5 spear "Vezoidd" (weapon) {vorpal, Str+7 Int+2 Stlth-}
   (You took it off an orc on level 8 of the Dungeon)

   It inflicts extra damage upon your enemies.
   It affects your strength (+7).
   It affects your intelligence (+2).
   It makes you less stealthy.
 I - a +0 falchion
Missiles
 s - a throwing net (quivered)
Armour
 c - a +1 shield (worn)
 e - a +1 plate armour of magic resistance (worn)
 r - a +2 plate armour
 w - a cursed +0 helmet
 x - the +5 ring mail of Inaction {rF+ rN+ Int+6}
   (You found it on level 7 of the Dungeon)

   It affects your intelligence (+6).
   It protects you from fire.
   It protects you from negative energy.
 y - a +0 pair of gloves (worn)
Magical Staves
 q - an uncursed staff of poison {unknown}
Jewellery
 v - a ring of magical power (left hand)
 D - a ring of see invisible (right hand)
 H - an amulet of rage (around neck)
Scrolls
 h - a scroll of identify
 i - 3 scrolls of amnesia
 j - 2 scrolls of remove curse {unknown}
 k - 2 scrolls of magic mapping {unknown}
 l - 5 scrolls of immolation
 m - a scroll of fog {unknown}
 A - 2 scrolls of random uselessness {unknown}
 G - a scroll of holy word {unknown}
Potions
 d - a potion of might
 g - a potion of curing
 n - 3 potions of flight {unknown}
 u - a potion of ambrosia {unknown}
 B - a potion of resistance {unknown}
 C - a potion of mutation {unknown}
 E - 2 potions of heal wounds {unknown}
Comestibles
 f - 3 rations


   Skills:
 + Level 8.9 Fighting
 + Level 12.0 Polearms
 + Level 10.1 Armour
 + Level 2.3 Dodging
 + Level 0.7 Stealth
 + Level 11.7 Shields
 + Level 0.2 Invocations


You had 10 spell levels left.
You didn't know any spells.
Your spell library contained the following spells:

 Spells                   Type           Power        Failure   Level  Hunger
 Sandblast                Erth           #.....       99%         1    ##.....
 Passwall                 Tmut/Erth      #.......     100%        2    ###....
 Confusing Touch          Hex            #.......     100%        3    ####...
 Gell's Gravitas          Tloc           #.........   100%        3    ####...
 Stone Arrow              Conj/Erth      #.....       100%        3    ####...
 Petrify                  Tmut/Erth      #.......     100%        4    #####..
 Lee's Rapid Deconstruct  Erth           #.........   100%        5    ######.
 Metabolic Englaciation   Hex/Ice        #.........   100%        5    ######.
 Yara's Violent Unravell  Hex/Tmut       #.........   100%        5    ######.


Dungeon Overview and Level Annotations

Branches:
Dungeon (10/15)               Orc (2/2) D:10            Elf (0/3) Orc:2
 Temple: D:4-7         Lair: D:8-11

Altars:
Ashenzari
Cheibriados
Elyvilon
Fedhas
Gozag
Hepliaklqana
Okawaru
Qazlal
Ru
Sif Muna
Trog
Wu Jian
Xom
Yredelemnul

Shops:
D:7 [*:   D:10 *   Orc:2 ([


Innate Abilities, Weirdness & Mutations

You reflexively headbutt those who attack you in melee.
You have a pair of horns on your head.


Message History

You hit the sun demon. Your headbutt misses the sun demon.
The sun demon is almost dead.
The sun demon barely misses you.
The orange demon stings you but does no damage.
The orc sorcerer hits you but does no damage.
The hellwing hits you but does no damage.
The hellwing hits you.
* * * LOW HITPOINT WARNING * * *
You block the orc warrior's attack.
Okay, then.
Okay, then.
You block the orc warrior's attack. You block the sun demon's attack.
The orange demon stings you but does no damage.
The orc sorcerer barely misses you. The hellwing barely misses you.
The hellwing hits you but does no damage.
The orc warrior hits you from afar with a +0 trident!
* * * LOW HITPOINT WARNING * * *
The orc sorcerer hits you but does no damage.
You block the orange demon's attack. The hellwing hits you.
You die...

### .. ..## #.. ........#
### ##.. .........####.##
#... ....##.#.#....# ###...
....#........#####..... .
##.#...........##...... ..
#...#.................. ..P
#.#..@................ ....
#.oo34#.#.........#.. .....
##.4o.#####......##...
∩....P#).h##### #........>..
..P....)......# #...........
.......#)...### #...........
..P..........# .............
.......##.$.................
...#... ###........##..#....


You could see a sun demon, an orange demon, a hellwing, a warg, an orc sorcerer
and 2 orc warriors.

Vanquished Creatures
  An orc high priest (Orc:2)
  An orc knight (Orc:1)
  A cyclops (Orc:1)
  A centaur zombie (D:10)
  2 trolls
  Prince Ribbit (D:5)
  A hornet (D:9)
  2 hippogriffs
  A shadow (D:9)
  2 wyverns
  Eustachio (D:5)
  5 yaks (D:9)
  The ghost of LostGamesStreakFreak the Skirmisher, an amateur DsFi (D:3)
  A warg (Orc:1)
  9 orc warriors
  4 ice beasts
  A black bear (D:8)
  7 sky beasts
  4 ogres
  2 centaurs
  2 big kobolds (D:9)
  5 bullfrogs
  A gnoll sergeant (D:9)
  A scorpion (D:9)
  3 crimson imps
  A bullfrog zombie (D:5)
  6 hounds
  3 orc priests
  3 centaur skeletons
  A gnoll shaman (D:4)
  2 iguanas
  11 orc wizards
  6 worker ants
  A hound skeleton (D:6)
  15 gnolls
  9 adders
  An ooze (D:4)
  An adder zombie (D:5)
  2 worms
  9 leopard geckos
  25 orcs
  6 giant cockroaches
  8 goblins
  6 hobgoblins
  9 jackals
  7 quokkas
  3 ball pythons
  4 bats
  2 frilled lizards
  15 kobolds
  A leopard gecko zombie (D:5)
  13 rats
230 creatures vanquished.

Vanquished Creatures (others)
  A fungus (Orc:2)
  5 toadstools (D:1)
6 creatures vanquished.

Grand Total: 236 creatures vanquished

Notes
Turn   | Place    | Note
-------+----------+-------------------------------------------
     0 | D:1      | shadowtheveil the Minotaur Fighter began the quest for the
                  | Orb.
     0 | D:1      | Reached XP level 1. HP: 19/19 MP: 0/0
   120 | D:1      | Reached XP level 2. HP: 26/27 MP: 1/1
   220 | D:1      | Reached skill level 3 in Polearms
   304 | D:2      | Reached XP level 3. HP: 33/33 MP: 2/2
   353 | D:2      | Found a blossoming altar of Fedhas.
   686 | D:2      | Reached XP level 4. HP: 31/41 MP: 3/3
  1214 | D:3      | Found a runed translucent door.
  1226 | D:3      | Noticed LostGamesStreakFreak's ghost (amateur DsFi)
  1235 | D:3      | Reached skill level 4 in Polearms
  1323 | D:3      | Killed LostGamesStreakFreak's ghost
  1323 | D:3      | Reached skill level 1 in Dodging
  1323 | D:3      | Reached skill level 5 in Shields
  1323 | D:3      | Reached XP level 5. HP: 13/47 MP: 4/4
  1388 | D:3      | Found a sacrificial altar of Ru.
  1545 | D:3      | Found an opulent altar of Gozag.
  1547 | D:3      | Found an ornate altar of the Wu Jian Council.
  1547 | D:3      | Found a stormy altar of Qazlal.
  1547 | D:3      | Found a snail-covered altar of Cheibriados.
  1801 | D:3      | Reached skill level 5 in Polearms
  1801 | D:3      | Reached XP level 6. HP: 55/55 MP: 5/5
  2149 | D:4      | Reached skill level 5 in Fighting
  2210 | D:4      | Found an iron altar of Okawaru.
  2813 | D:4      | Found a bloodstained altar of Trog.
  2923 | D:5      | Entered Level 5 of the Dungeon
  2945 | D:5      | Reached XP level 7. HP: 58/61 MP: 6/6
  2947 | D:5      | Found a shimmering altar of Xom.
  2998 | D:5      | Reached skill level 6 in Polearms
  3040 | D:5      | Noticed Eustachio
  3085 | D:5      | Killed Eustachio
  3085 | D:5      | Reached skill level 5 in Armour
  3144 | D:5      | Reached skill level 7 in Polearms
  3304 | D:5      | Reached XP level 8. HP: 44/70 MP: 7/7
  3538 | D:5      | Noticed Prince Ribbit
  3560 | D:5      | Killed Prince Ribbit
  3560 | D:5      | Reached skill level 8 in Polearms
  3878 | D:6      | Found a shimmering blue altar of Sif Muna.
  4244 | D:7      | Got a fine ring mail
  4255 | D:7      | Identified the +5 ring mail of Inaction {rF+ rN+ Int+6}
                  | (You found it on level 7 of the Dungeon)
  4351 | D:7      | Found Mirrin's Antique Armour Shop.
  4400 | D:7      | Found a white marble altar of Elyvilon.
  4427 | D:7      | Became a worshipper of Elyvilon the Healer
  4495 | D:7      | Reached skill level 9 in Polearms
  4515 | D:7      | Found Isoumn's Book Emporium.
  4527 | D:7      | Found a basalt altar of Yredelemnul.
  4600 | D:7      | Found Pihunwes's Assorted Antiques.
  4732 | D:8      | Noticed a hippogriff
  4742 | D:8      | Killed a hippogriff
  4742 | D:8      | Reached XP level 9. HP: 76/78 MP: 8/8
  4842 | D:8      | Reached skill level 10 in Polearms
  4879 | D:8      | Identified the +5 spear "Vezoidd" {vorpal, Str+7 Int+2
                  | Stlth-}
  4961 | D:8      | Found a shattered altar of Ashenzari.
  5140 | D:8      | Found a hazy altar of Hepliaklqana.
  5142 | D:8      | Found a shimmering altar of Xom.
  5143 | D:8      | Noticed a spectral ugly thing
  5192 | D:9      | Reached * piety under Elyvilon
  5821 | D:9      | Reached XP level 10. HP: 64/88 MP: 9/9
  5860 | D:9      | Reached ** piety under Elyvilon
  6024 | D:9      | Reached skill level 11 in Polearms
  6318 | D:9      | Reached skill level 10 in Shields
  6532 | D:10     | Entered Level 10 of the Dungeon
  6630 | D:10     | Found Betacrav's General Store.
  6918 | D:10     | Found a staircase to the Orcish Mines.
  6920 | D:10     | Reached *** piety under Elyvilon
  6942 | Orc:1    | Entered Level 1 of the Orcish Mines
  6971 | Orc:1    | Noticed an orc knight
  7057 | Orc:1    | Noticed a cyclops
  7082 | Orc:1    | Killed a cyclops
  7601 | Orc:2    | Entered Level 2 of the Orcish Mines
  7601 | Orc:2    | Noticed an orc knight
  7602 | Orc:2    | Found Vona's Antique Armour Shoppe.
  7785 | Orc:1    | Killed an orc knight
  7785 | Orc:1    | Reached XP level 11. HP: 32/95 MP: 10/10
  8176 | Orc:2    | Reached skill level 12 in Polearms
  8180 | Orc:2    | Found a staircase to the Elven Halls.
  8187 | Orc:2    | Bought a runed plate armour for 572 gold pieces
  8275 | Orc:2    | Noticed an orc high priest
  8276 | Orc:2    | Noticed an orc sorcerer
  8286 | Orc:2    | Found Zyqijeyroxt's Antique Weapon Boutique.
  8290 | Orc:2    | Killed an orc high priest
  8290 | Orc:2    | Reached skill level 10 in Armour
  8291 | Orc:2    | Noticed a sun demon
  8309 | Orc:2    | HP: 1/95 [orc warrior/+0 trident (14)]
  8310 | Orc:2    | Slain by a hellwing

Levels and vault maps discovered:
D:1:      ldierk_walled_garden, layout_rooms
D:2:      layout_loops_ring, old_standard_altar
D:3:      layout_loops_ring, grunt_temple_overflow_open, ebering_ghost_sewer_d,
          nicolae_ru_path_of_blood
D:4:      layout_basic, okawaru_ov_weapons_minmay,
          nicolae_overflow_crystal_walls, first_ration,
          kennysheep_generic_room_10
D:5:      layout_basic, xom_teletrap_fun, uniq_prince_ribbit1, uniq_eustachio
D:6:      layout_rooms, tgw_sif, minmay_temple_entry_proselytizer,
          minmay_manual_monstrance
D:7:      layout_loops_ring, kennysheep_ying_yang, serial_shops, shop_fountains,
          shop, shop, nicolae_shop_trees, shop_fountains, chequers_arboretum
D:8:      layout_basic, regret_index_temple_of_mockery,
          ashenzari_conservatory_becter, david_lair_shrubbed
D:9:      layout_irregular_city
D:10:     layout_loops_cross, orc_0_dummy, serial_shops, shop
Orc:1:    layout_caves
Orc:2:    grunt_orc_gardens, layout_diamond_mine, grunt_orc_garden,
          grunt_orc_garden, grunt_orc_garden, grunt_orc_garden,
          bh_open_orc_temple

Skill      XL: |  1  2  3  4  5  6  7  8  9 10 11 |
---------------+----------------------------------+-----
Fighting       | 4 5 6 7 8 |  8.9
Shields        | 4 5 6 7 9 11 | 11.7
Polearms       | 3 4 5 7 9 10 11 12 | 12.0
Armour         | 4 5 6 8 9 10 | 10.1
Dodging        | 1 2 |  2.3
Stealth        | |  0.7
Invocations    | |  0.2

Action                   |  1- 3 |  4- 6 |  7- 9 | 10-12 || total
-------------------------+-------+-------+-------+-------++-------
Melee: Trident           |    94 |   165 |   240 |       ||   499
       Headbutt          |     7 |    29 |    55 |    59 ||   150
       Spear             |       |       |   126 |   235 ||   361
Invok: Lesser Healing    |       |       |       |     2 ||     2
  Use: Scroll            |       |     8 |     9 |     4 ||    21
       Potion            |       |       |       |     5 ||     5
  Eat: Chunk             |       |     2 |       |       ||     2
       Ration            |       |     2 |     3 |     2 ||     7
Armor: Scale mail        |    37 |       |       |       ||    37
       Chain mail        |    17 |    70 |       |       ||    87
       Plate armour      |       |    14 |   163 |    63 ||   240
Dodge: Dodged            |    36 |    37 |    51 |    46 ||   170
Block: Shield            |    62 |    91 |   198 |   147 ||   498

Table legend:
 A = Non-vault XP
 B = Vault XP
 C = Vault XP percentage of total XP
 D = Non-vault monster count
 E = Vault monster count
 F = Vault count percentage of total count
                 A         B        C        D         E       F
            +---------+---------+-------+---------+---------+-------
      Total |    9565 |    3368 |  26.0 |     215 |      15 |   6.5
            +---------+---------+-------+---------+---------+-------
        D:1 |      40 |       0 |   0.0 |      22 |       0 |   0.0
        D:2 |      66 |       0 |   0.0 |      20 |       0 |   0.0
        D:3 |      76 |     201 |  72.6 |      21 |       2 |   8.7
        D:4 |     270 |      41 |  13.2 |      19 |       2 |   9.5
        D:5 |     706 |     488 |  40.9 |      21 |       2 |   8.7
        D:6 |     396 |       0 |   0.0 |       9 |       0 |   0.0
        D:7 |     385 |       0 |   0.0 |       9 |       0 |   0.0
        D:8 |    1094 |       0 |   0.0 |      16 |       0 |   0.0
        D:9 |    3395 |       0 |   0.0 |      49 |       0 |   0.0
       D:10 |    1559 |       0 |   0.0 |      15 |       0 |   0.0
      Orc:1 |    1329 |     797 |  37.5 |       9 |       2 |  18.2
      Orc:2 |     249 |    1841 |  88.1 |       5 |       7 |  58.3
            +---------+---------+-------+---------+---------+-------
